 Dungeon Crawl Stone Soup version 0.26-a0-837-g5a8a614f01 (webtiles) character file.

Game seed: 8509234577966179979

119722 Roikka the Blocker (level 16, -6/142 HPs)
             Began as a Gargoyle Earth Elementalist on Nov 4, 2020.
             Was a High Priest of Vehumet.
             Mangled by Agnes
             ... wielding a +2 lajatang of venom
              (22 damage)
             ... on level 13 of the Dungeon on Nov 18, 2020.
             The game lasted 02:40:24 (33683 turns).

Roikka the Blocker (Gargoyle Earth Elementalist)   Turns: 33683, Time: 02:40:24

Health: -6/142     AC: 31    Str: 19    XL:     16   Next: 80%
Magic:  2/30       EV: 11    Int: 22    God:    Vehumet [*****.]
Gold:   1389       SH: 13    Dex: 10    Spells: 5/35 levels left

rFire    . . .     SeeInvis .   b - +5 morningstar (freeze)
rCold    . . .     Faith    .   M - +0 kite shield
rNeg     + . .     Spirit   .   Y - +0 ring mail {MR+}
rPois    ∞         Reflect  .   w - +2 hat {MR+}
rElec    +         Harm     .   f - +2 cloak {MR+}
rCorr    .         Rampage  .   h - +2 pair of gloves
MR       ++++.                  B - +2 pair of boots
Stlth    ..........             j - amulet of regeneration
HPRegen  0.73/turn              W - +6 ring of strength
MPRegen  0.22/turn              C - ring of wizardry

@: berserking, very quick
A: big wings, negative energy resistance 1, electricity resistance, unbreathing,
petrification resistance, rot immunity, AC +12
a: Fly, Renounce Religion


You were on level 13 of the Dungeon.
You worshipped Vehumet.
Vehumet was extremely pleased with you.
You visited 4 branches of the dungeon, and saw 22 of its levels.
You also visited: Ice Cave.

You collected 1929 gold pieces.
You spent 540 gold pieces at shops.

Inventory:

Hand Weapons
 a - the +6 whip "Qeluka" {venom, MR+}
   (You found it on level 3 of the Lair of Beasts)

   It poisons the flesh of those it strikes.
   It affects your resistance to hostile enchantments.
 b - a +5 morningstar of freezing (weapon)
 z - a +4 mace of protection
 V - a +4 morningstar
Armour
 f - a +2 cloak of magic resistance (worn)
 h - a +2 pair of gloves (worn)
 w - a +2 hat of magic resistance (worn)
 A - a +0 tower shield
 B - a +2 pair of boots (worn)
 K - a scarf of resistance
 M - a +0 kite shield (worn)
 N - the +1 ring mail of Oblivion {Str+3 SInv}
   (You bought it in a shop on level 9 of the Dungeon)

   It affects your strength (+3).
   It lets you see invisible.
 O - the +0 scale mail "Raddefob" {+Fly rF+ Stlth-}
   (You bought it in a shop on level 9 of the Dungeon)

   It protects you from fire.
   It lets you fly.
   It makes you less stealthy.
 T - the +0 leather armour of Articulation {rC- Slay+6}
   (You found it on level 1 of the Lair of Beasts)

   It affects your accuracy and damage with ranged weapons and melee attacks
   (+6).
   It makes you vulnerable to cold.
 Y - a +0 ring mail of magic resistance (worn)
Magical Staves
 s - an uncursed staff of earth
Jewellery
 i - a +6 ring of dexterity
 j - an amulet of regeneration (around neck)
 q - a +6 ring of strength
 u - an uncursed ring of protection from cold
 x - an uncursed ring of fire
 y - an uncursed ring of resist corrosion
 C - a ring of wizardry (right hand)
 W - a +6 ring of strength (left hand)
Wands
 E - a wand of digging (19)
 L - a wand of iceblast (11)
Scrolls
 g - 7 scrolls of teleportation
 l - 4 scrolls of amnesia
 m - 11 scrolls of remove curse
 n - a scroll of fog
 p - 3 scrolls of enchant weapon
 t - 5 scrolls of identify
 F - 2 scrolls of fear
 H - 3 scrolls of enchant armour
 P - a scroll of torment
 R - a scroll of blinking
Potions
 c - 2 potions of berserk rage
 d - a potion of heal wounds
 e - 2 potions of cancellation
 o - 6 potions of mutation
 r - 4 potions of haste
 v - 5 potions of curing
 D - a potion of resistance
 G - 3 potions of brilliance
 I - 2 potions of ambrosia
 Q - a potion of magic
 U - a potion of lignification
 X - 3 potions of attraction
 Z - 3 potions of invisibility
Miscellaneous
 k - a phantom mirror
 S - a phantom mirror


   Skills:
 + Level 8.9 Fighting
 + Level 9.0 Maces & Flails
 + Level 9.0 Armour
 - Level 1.5 Dodging
 - Level 2.1 Stealth
 * Level 14.4 Shields
 + Level 10.1 Spellcasting
 + Level 9.5 Conjurations
 - Level 10.0 Transmutations
 + Level 5.2 Fire Magic
 + Level 13.6 Earth Magic


You had 5 spell levels left.
You knew the following spells:

 Your Spells              Type           Power        Failure   Level
b - Passwall              Tmut/Erth      ######..     1%          2
c - Stone Arrow           Conj/Erth      ######       1%          3
d - Petrify               Tmut/Erth      ######..     1%          4
e - Foxfire               Conj/Fire      ####         1%          1
f - Lee's Rapid Deconstr  Erth           ######....   1%          5
g - Iskenderun's Battles  Conj           ######..     1%          5
h - Irradiate             Conj/Tmut      ######....   1%          5
i - Bolt of Magma         Conj/Fire/Erth ######....   1%          5

Your spell library contained the following spells:

 Spells                   Type           Power        Failure   Level
 Conjure Ball Lightning   Conj/Air       ####......   22%         6
 Magic Dart               Conj           ####         1%          1
 Sandblast                Erth           ######       1%          1
 Shock                    Conj/Air       ####         1%          1
 Sting                    Tmut/Pois      ####         1%          1
 Conjure Flame            Conj/Fire      #####...     1%          3
 Mephitic Cloud           Conj/Pois/Air  ####....     1%          3
 Static Discharge         Conj/Air       ####....     1%          3
 Summon Small Mammal      Summ           ##..         4%          1
 Lightning Bolt           Conj/Air       ####......   4%          5
 Ice Form                 Ice/Tmut       ####....     5%          4
 Blink                    Tloc           N/A          6%          2
 Call Imp                 Summ           ##......     6%          2
 Slow                     Hex            ##......     6%          2
 Swiftness                Air            ##......     6%          2
 Airstrike                Air            ##........   11%         4
 Call Canine Familiar     Summ           ##......     12%         3
 Summon Guardian Golem    Hex/Summ       ##......     12%         3
 Summon Ice Beast         Ice/Summ       ##......     36%         4
 Summon Lightning Spire   Summ/Air       ##......     36%         4
 Metabolic Englaciation   Hex/Ice        ##........   69%         5
 Freezing Cloud           Conj/Ice/Air   ####......   36%         6
 Ozocubu's Refrigeration  Ice            ##........   75%         6
 Simulacrum               Ice/Necr       ##........   99%         6


Dungeon Overview and Level Annotations

Branches:
Dungeon (14/15)            Temple (1/1) D:4            Lair (6/6) D:10
  Swamp (1/4) Lair:2       Shoals (0/4) Lair:2        Slime (0/5) Lair:5
    Orc (0/2) D:10          IceCv (visited)
  Snake: Lair:2-4    Spider: Lair:2-4    Vaults: D:13-14

Altars:
Ashenzari
Cheibriados
Dithmenos
Fedhas
Hepliaklqana
Kikubaaqudgha
Makhleb
Nemelex Xobeh
Okawaru
Qazlal
Ru
Sif Muna
Trog
Uskayaw
Vehumet
Wu Jian
Yredelemnul
Zin

Shops:
D:9 [   D:10 =

Annotations:
D:13 Agnes


Innate Abilities, Weirdness & Mutations

You are resistant to torment.
Your stone body is resilient. (AC +12)
You are immune to poison.
Your large and strong wings let you fly indefinitely.
You resist negative energy. (rN+)
You are resistant to electric shocks. (rElec)
You can survive without breathing.
You are immune to petrification.
You are immune to rotting.


Message History

The stone arrow misses Agnes.
You block Agnes's attack. Agnes completely misses you.
A red film seems to cover your vision as you go berserk!
You feel yourself moving faster!
You feel mighty! You block Agnes's attack.
Unknown command.
You miss Agnes.
Agnes is severely wounded.
Agnes hits you with a +2 lajatang of venom!
* * * LOW HITPOINT WARNING * * *
You barely miss Agnes.
Agnes is severely wounded.
You block Agnes's attack.
You puncture Agnes! You freeze Agnes.
Agnes is almost dead.
Agnes hits you with a +2 lajatang of venom.
* * * LOW HITPOINT WARNING * * *
You barely miss Agnes.
Agnes is almost dead.
Agnes hits you with a +2 lajatang of venom!!
You die...

###########.......'...........#
#.......##..........#
#.......##........###
####'#####...8...## #..#
#........# #####
##+#####........# ....#
#.........).....# ....######
#.....i.###.##.+#### ....'>...#
#....@..'.#........#
....####.###.......#.###......#
....# #...'.......#..[)......#
≈...# #####.......#####).....#
≈..## #.......# ##'##### ≈≈.#
###'##### #..# .≈.## #.....#
##.# .≈.≈# ######.#### #.#
.≈.≈# #.#≈≈≈.≈≈≈# #.##


You could see Agnes.

Vanquished Creatures
  Gastronok (Lair:2)
  Kirke (Lair:4)
  2 tengu reavers (D:13)
  2 frost giants
  A fire giant (D:13)
  An ettin (D:12)
  A fire dragon (Lair:6)
  Harold (Lair:2)
  10 hydras
  2 boulder beetles
  A centaur warrior (D:13)
  5 death yaks
  A tengu warrior (D:14)
  2 two-headed ogres
  Urug (Lair:2)
  A goliath frog (Swamp:1)
  2 unseen horrors
  A flayed ghost (D:12)
  A skeletal warrior (D:14)
  4 lindwurms
  A necromancer (D:13)
  A deep elf mage (D:13)
  An orb spider (shapeshifter) (D:13)
  22 elephants
  5 ugly things (D:14)
  3 manticores
  3 oklob plants (Lair:5)
  2 cyclopes
  8 black mambas
  2 centaur zombies
  2 molten gargoyles (Lair:6)
  Joseph (D:9)
  2 gargoyles (D:13)
  2 torpor snails
  An ice statue (IceCv)
  A cane toad (shapeshifter) (D:14)
  11 cane toads
  4 rime drakes
  Maggie (D:9)
  A kobold demonologist (D:14)
  17 komodo dragons
  4 trolls
  A queen bee (Lair:4)
  25 polar bears
  2 jumping spiders (Lair:3)
  Prince Ribbit (D:5)
  3 meliai (Lair:4)
  4 hornets
  20 blink frogs
  A snapping turtle (Lair:2)
  3 centaur simulacra (D:13)
  A redback (Lair:3)
  3 hogs
  44 yaks
  12 wyverns
  3 steam dragons (Lair:6)
  A vampire (D:14)
  15 basilisks
  5 vampire mosquitoes
  4 swamp worms (Lair:2)
  Edmund (D:5)
  2 acid dragons (D:12)
  A soldier ant (D:10)
  3 hell hounds (Lair:6)
  19 water moccasins
  10 ice beasts
  3 orc warriors
  3 phantoms
  5 black bears
  2 necrophages
  7 ogres
  6 sky beasts
  An eye of draining (D:10)
  62 wolves
  5 boggarts (D:14)
  4 centaurs
  A big kobold (D:7)
  20 bullfrogs
  A wyvern zombie (D:12)
  8 scorpions
  8 jellies
  29 killer bees
  17 wights
  5 electric eels
  2 howler monkeys
  A bullfrog zombie (D:7)
  6 hounds
  7 lava snakes
  A quasit (D:8)
  A wyvern simulacrum (D:12)
  7 orc priests
  4 centaur skeletons
  10 orc wizards
  Ijyb (D:3)
  Crazy Yiuf (D:2)
  3 bullfrog skeletons
  4 iguanas
  14 worker ants
  6 hell rats
  4 bullfrog simulacra
  A hound skeleton (D:9)
  2 worker ant zombies (D:9)
  12 adders
  2 shadow imps
  8 white imps
  2 ufetubi
  3 oozes
  4 worms
  2 dart slugs
  7 leopard geckos
  54 orcs
  5 giant cockroaches
  8 goblins
  8 hobgoblins
  15 jackals
  5 quokkas
  5 ball pythons
  4 bats
  5 frilled lizards
  A jackal skeleton (D:4)
  16 kobolds
  3 quokka skeletons
  8 rats
759 creatures vanquished.

Vanquished Creatures (others)
  A wyvern (Lair:6)
  A sky beast (D:14)
  144 foxfires
  56 fungi
  116 plants
318 creatures vanquished.

Grand Total: 1077 creatures vanquished

Notes
Turn   | Place    | Note
-------+----------+-------------------------------------------
     0 | D:1      | Roikka the Gargoyle Earth Elementalist began the quest for
                  | the Orb.
     0 | D:1      | Reached XP level 1. HP: 10/10 MP: 3/3
   563 | D:1      | Reached XP level 2. HP: 8/16 MP: 5/5
  1050 | D:1      | Reached skill level 1 in Fighting
  1427 | D:2      | Reached XP level 3. HP: 17/20 MP: 6/6
  1639 | D:2      | Learned a level 2 spell: Passwall
  1643 | D:2      | Learned a level 3 spell: Stone Arrow
  1688 | D:2      | Reached skill level 1 in Maces & Flails
  2299 | D:2      | Reached skill level 1 in Transmutations
  2299 | D:2      | Reached XP level 4. HP: 8/25 MP: 7/7
  2669 | D:2      | Found a runed translucent door.
  2670 | D:2      | Noticed Crazy Yiuf
  2682 | D:2      | Killed Crazy Yiuf
  2979 | D:2      | Reached skill level 1 in Armour
  3216 | D:3      | Reached skill level 1 in Conjurations
  3224 | D:3      | Reached XP level 5. HP: 30/30 MP: 9/9
  3603 | D:3      | Noticed Ijyb
  3651 | D:3      | Killed Ijyb
  4104 | D:3      | You fall into a shaft and drop 3 floors!
  4118 | D:5      | Entered Level 5 of the Dungeon
  4142 | D:5      | Got a thick robe
  4153 | D:5      | Identified the +3 robe of Picel {rPois} (You found it on
                  | level 5 of the Dungeon)
  4338 | D:4      | Reached XP level 6. HP: 35/35 MP: 10/10
  4921 | D:4      | Found a staircase to the Ecumenical Temple.
  4930 | Temple   | Entered the Ecumenical Temple
  4951 | Temple   | Became a worshipper of Vehumet
  4967 | D:4      | Upgraded the game from 0.26-a0-737-g4e9f4955e2 to
                  | 0.26-a0-738-g91b530ce93
  4972 | D:4      | Learned a level 4 spell: Petrify
  5239 | D:4      | Found a sacrificial altar of Ru.
  5576 | D:5      | Reached skill level 5 in Earth Magic
  5581 | D:5      | Noticed Prince Ribbit
  5812 | D:4      | Reached XP level 7. HP: 40/40 MP: 11/11
  5856 | D:5      | Found a burning altar of Makhleb.
  5856 | D:5      | Noticed a balrug
  6421 | D:6      | Reached * piety under Vehumet
  6421 | D:6      | Offered knowledge of Foxfire by Vehumet.
  6424 | D:6      | Learned a level 1 spell: Foxfire
  7036 | D:5      | Killed Prince Ribbit
  7036 | D:5      | Reached XP level 8. HP: 46/46 MP: 6/14
  7106 | D:5      | Noticed Edmund
  7152 | D:5      | Killed Edmund
  7354 | D:5      | Found a glowing silver altar of Zin.
  8086 | D:6      | Found an ornate altar of the Wu Jian Council.
  8086 | D:6      | Found a broken altar of Ashenzari.
  8526 | D:7      | Reached XP level 9. HP: 49/52 MP: 15/15
  8563 | D:7      | Learned a level 5 spell: Lee's Rapid Deconstruction
  8595 | D:7      | Found a snail-covered altar of Cheibriados.
  8633 | D:7      | Found a shimmering blue altar of Sif Muna.
  8725 | D:7      | Offered knowledge of Searing Ray by Vehumet.
  8757 | D:7      | Found an ancient bone altar of Kikubaaqudgha.
  8763 | D:7      | Reached ** piety under Vehumet
  9281 | D:8      | You fall into a shaft and drop 2 floors!
  9281 | D:10     | Entered Level 10 of the Dungeon
  9454 | D:11     | Noticed a boulder beetle
  9498 | D:10     | Reached skill level 5 in Spellcasting
  9607 | D:10     | Found a staircase to the Lair.
  9635 | D:10     | Noticed an elephant
  9642 | D:10     | Found Lonono's Jewellery Shoppe.
  9682 | D:9      | Killed an elephant
  9682 | D:9      | Reached skill level 5 in Maces & Flails
 10085 | D:9      | Reached skill level 5 in Fighting
 10085 | D:9      | Reached skill level 5 in Transmutations
 10295 | D:9      | Reached XP level 10. HP: 57/59 MP: 16/18
 10424 | D:9      | Noticed Maggie
 10454 | D:9      | Killed Maggie
 10600 | D:8      | Offered knowledge of Inner Flame by Vehumet.
 11269 | D:8      | Found a sparkling altar of Nemelex Xobeh.
 11415 | D:8      | Found a snail-covered altar of Cheibriados.
 11415 | D:8      | Found a basalt altar of Yredelemnul.
 11686 | D:9      | Reached *** piety under Vehumet
 11829 | D:8      | Found a shimmering blue altar of Sif Muna.
 11928 | D:9      | Noticed Joseph
 11946 | D:9      | Killed Joseph
 12113 | D:9      | Found Gaamn's Antique Armour Emporium.
 12129 | D:9      | Bought a kite shield for 108 gold pieces
 12129 | D:9      | Bought a crude ring mail for 216 gold pieces
 12129 | D:9      | Bought a translucent scale mail for 216 gold pieces
 12149 | D:9      | Identified the cursed +1 ring mail of Oblivion {Str+3 SInv}
                  | (You bought it in a shop on level 9 of the Dungeon)
 12160 | D:9      | Identified the +0 scale mail "Raddefob" {+Fly rF+ Stlth-}
                  | (You bought it in a shop on level 9 of the Dungeon)
 12694 | D:10     | Reached skill level 1 in Shields
 12964 | D:10     | Reached skill level 2 in Shields
 13025 | D:10     | Offered knowledge of Dazzling Flash by Vehumet.
 13025 | D:10     | Reached skill level 10 in Earth Magic
 13256 | D:10     | Reached XP level 11. HP: 64/64 MP: 9/20
 13320 | Lair:1   | Entered Level 1 of the Lair of Beasts
 13376 | D:10     | Reached skill level 3 in Shields
 13944 | Lair:1   | Got a smouldering leather armour
 13974 | D:10     | Identified the cursed +0 leather armour of Articulation
                  | {rC- Slay+6} (You found it on level 1 of the Lair of
                  | Beasts)
 14012 | D:10     | Reached skill level 4 in Shields
 14118 | D:10     | Reached **** piety under Vehumet
 14309 | D:10     | Found a staircase to the Orcish Mines.
 14472 | D:10     | Noticed a cyclops
 14480 | D:10     | Offered knowledge of Iskenderun's Battlesphere by Vehumet.
 14488 | D:10     | Killed a cyclops
 14495 | D:10     | Learned a level 5 spell: Iskenderun's Battlesphere
 14871 | D:11     | Reached skill level 5 in Conjurations
 14932 | D:11     | Noticed a two-headed ogre
 14948 | D:11     | Killed a two-headed ogre
 14948 | D:11     | Reached skill level 5 in Shields
 15405 | D:11     | Reached skill level 5 in Armour
 15999 | Lair:1   | Noticed a seven-headed hydra
 16011 | Lair:1   | Killed a seven-headed hydra
 16011 | Lair:1   | Reached skill level 6 in Shields
 16011 | Lair:1   | Reached XP level 12. HP: 70/70 MP: 2/22
 16145 | Lair:1   | Found an iron altar of Okawaru.
 16452 | Lair:2   | Noticed a death yak
 16452 | Lair:2   | Noticed a death yak
 16453 | Lair:2   | Noticed a death yak
 16562 | Lair:2   | Noticed a four-headed hydra
 16569 | Lair:2   | Killed a four-headed hydra
 16579 | Lair:2   | Noticed a five-headed hydra
 16626 | Lair:2   | Killed a five-headed hydra
 16626 | Lair:2   | Reached ***** piety under Vehumet
 16768 | Lair:2   | Noticed Gastronok
 16772 | Lair:2   | Noticed a seven-headed hydra
 16866 | Lair:1   | Killed a seven-headed hydra
 16866 | Lair:1   | Reached skill level 7 in Shields
 16957 | Lair:2   | Noticed Harold
 16968 | Lair:2   | Noticed Urug
 17111 | Lair:1   | Offered knowledge of Ozocubu's Refrigeration by Vehumet.
 17287 | Lair:1   | Killed a death yak
 17478 | Lair:1   | Killed a death yak
 17702 | Lair:2   | Reached skill level 8 in Shields
 17888 | Lair:2   | Killed Urug
 17897 | Lair:2   | Killed Gastronok
 17897 | Lair:2   | Reached XP level 13. HP: 76/76 MP: 0/24
 18428 | Lair:2   | Killed Harold
 18637 | Lair:2   | Reached skill level 11 in Shields
 18637 | Lair:2   | Gained mutation: Your large and strong wings let you fly
                  | indefinitely. [Gargoyle growth]
 18637 | Lair:2   | Reached XP level 14. HP: 82/82 MP: 25/25
 18838 | Lair:2   | Found a staircase to the Shoals.
 19120 | Lair:2   | Found a staircase to the Swamp.
 19220 | Lair:3   | Upgraded the game from 0.26-a0-738-g91b530ce93 to
                  | 0.26-a0-752-gcff87cac9a
 20661 | Lair:3   | Found a runed translucent door.
 20866 | Lair:3   | Reached skill level 12 in Shields
 21661 | Lair:3   | Got a fading whip
 21771 | Lair:3   | Identified the +6 whip "Qeluka" {venom, MR+} (You found it
                  | on level 3 of the Lair of Beasts)
 22091 | Lair:4   | Found a shimmering blue altar of Sif Muna.
 23111 | Lair:4   | Identified 2 scrolls of acquirement
 23112 | Lair:4   | Acquired Jauf's Volume of Noxious Transformation
 23124 | Lair:4   | Learned a level 5 spell: Irradiate
 23125 | Lair:4   | Acquired a +2 cloak of magic resistance
 23535 | Lair:4   | Offered knowledge of Bolt of Magma by Vehumet.
 23535 | Lair:4   | Reached XP level 15. HP: 82/88 MP: 21/27
 23542 | Lair:4   | Learned a level 5 spell: Bolt of Magma
 24094 | Lair:5   | Reached skill level 1 in Fire Magic
 24433 | Lair:5   | Found a staircase to the Slime Pits.
 24736 | Lair:5   | Upgraded the game from 0.26-a0-752-gcff87cac9a to
                  | 0.26-a0-837-g5a8a614f01
 24763 | Lair:5   | Noticed Kirke
 24773 | Lair:5   | Noticed a sphinx
 24879 | Lair:4   | Killed Kirke
 25853 | Lair:6   | Entered Level 6 of the Lair of Beasts
 25968 | Lair:5   | Reached skill level 13 in Shields
 26627 | Lair:6   | Offered knowledge of Yara's Violent Unravelling by Vehumet.
 27600 | Lair:6   | Found a large runed translucent door.
 27694 | Lair:6   | Reached skill level 10 in Transmutations
 27794 | Lair:6   | Found a large runed translucent door.
 28271 | Swamp:1  | Entered Level 1 of the Swamp
 29741 | D:12     | Reached XP level 16. HP: 84/93 MP: 29/29
 29764 | D:12     | Offered knowledge of Spellforged Servitor by Vehumet.
 29911 | D:13     | Found a frozen archway.
 29957 | IceCv    | Entered an ice cave
 31553 | D:13     | Reached skill level 14 in Shields
 31567 | D:13     | Offered knowledge of Conjure Ball Lightning by Vehumet.
 32018 | D:12     | Noticed a tengu reaver
 32018 | D:12     | Noticed a tengu reaver
 32230 | D:13     | Killed a tengu reaver
 32603 | D:13     | Killed a tengu reaver
 32770 | D:12     | Reached skill level 10 in Spellcasting
 32785 | D:12     | Reached skill level 5 in Fire Magic
 33631 | D:14     | Noticed Agnes
 33639 | D:14     | Found a radiant altar of Vehumet.
 33663 | D:13     | HP: 4/95 [Agnes/+2 lajatang of venom (13)]
 33683 | D:13     | Mangled by Agnes

Illustrated notes

Levels and vault maps discovered:
D:1:      psy_arrival_whirlpool, layout_loops_cross
D:2:      layout_loops_ring, minmay_rat_gold_closets, uniq_crazy_yiuf_cottage
D:3:      layout_basic, chequers_serial_rivers_micro_c, uniq_ijyb
D:4:      layout_loops_corners, minmay_temple_entry_drinking_statues,
          hangedman_ru_absence
D:5:      minmay_opposing_rooms, layout_cave_pools, overflow_temple_1_default,
          makhleb_altar_promises_db, uniq_prince_ribbit1, uniq_edmund
D:6:      layout_loops_ring, amethyst_overflow_temple_binary
D:7:      layout_loops_ring, led_sif_book, minivault_19,
          hangedman_feature_mirror
D:8:      lemuel_upstairs_altar, layout_loops_ring,
          gammafunk_temple_overflow_statue, basic_altar
D:9:      layout_gridville, serial_shops, nicolae_shop_statue_plus, uniq_joseph,
          uniq_maggie
D:10:     kennysheep_windowed_halls, layout_rooms, david_lair_generic,
          hiddenorc2_lemuel, serial_shops, shop_statue
D:11:     layout_roguey
D:12:     minmay_connected_triangles_in_corner, layout_basic, serial_ice,
          serial_ice_f, serial_ice_g, serial_ice_m, serial_ice_k, serial_ice_c,
          serial_ice_n, serial_ice_h, serial_ice_o, serial_ice_a, serial_ice_e
D:13:     layout_roguey, serial_ice, serial_ice_h, serial_ice_j, serial_ice_g,
          serial_ice_b, serial_ice_m, serial_ice_d,
          portal_ice_cave_entry_pillars_1
D:14:     layout_basic, lightli_vaults_fourway_checkpoint, minmay_holes,
          minmay_ruined_shrine, uniq_agnes, uniq_nessos
Temple:   nicolae_temple_elliptical
Lair:1:   layout_chaotic_city, basic_altar, grunt_megastairs_4
Lair:2:   layout_chaotic_city, palyth_hydra_swamp_entry,
          minmay_shoals_entry_hut, grunt_forest_large_clearings, uniq_urug,
          uniq_harold, uniq_gastronok
Lair:3:   gammafunk_indiana_jones, layout_layer_cave, grunt_megastairs_2
Lair:4:   regret_index_tunnel_blossom, layout_cave_pods, basic_altar
Lair:5:   cheibrodos_lair_overgrown_chateau, layout_small_grid,
          minmay_slime_entry_oklob_enclosed, infiniplex_staircase_pool_2,
          uniq_kirke
Lair:6:   cheibrodos_lair_end_hotspot, layout_small_grid,
          gauntlet_entry_generic, serial_bayou_pond_d, serial_bayou_lagoon_a
Swamp:1:  layout_basic_swamp, evilmike_swamp_ruin_house_2,
          cheibrodos_swamp_pet_leeches, infiniplex_staircase_pool

Skill      XL: |  1  2  3  4  5  6  7  8  9 10 11 12 13 14 15 16 |
---------------+-------------------------------------------------+-----
Fighting       | 1 2 3 5 6 7 8 |  8.9
Earth Magic    | 4 5 6 8 10 11 12 13 | 13.6
Maces & Flails | 1 2 3 4 5 6 7 8 9 |  9.0
Transmutations | 1 2 3 5 6 7 8 9 10 | 10.0
Armour         | 1 2 3 5 6 8 9 |  9.0
Conjurations   | 1 2 3 4 5 6 7 8 9 |  9.5
Spellcasting   | 3 4 5 6 7 8 9 10 | 10.1
Shields        | 2 6 8 11 12 13 14 | 14.4
Fire Magic     | 4 5 |  5.2
Dodging        | |  1.5
Stealth        | |  2.1

Action                   |  1- 3 |  4- 6 |  7- 9 | 10-12 | 13-15 | 16-18 || total
-------------------------+-------+-------+-------+-------+-------+-------++-------
Melee: Unarmed           |    17 |     2 |       |       |       |       ||    19
       Club              |    51 |       |       |       |       |       ||    51
       Mace              |    79 |   303 |   366 |    76 |       |       ||   824
       Morningstar       |       |       |    33 |   545 |   829 |   378 ||  1785
       Whip              |       |       |       |       |   173 |    82 ||   255
       Staff             |       |       |       |       |       |    61 ||    61
Throw: Stone             |       |     1 |     2 |    14 |     3 |       ||    20
 Cast: Sandblast         |     7 |    22 |    35 |    28 |    35 |     1 ||   128
       Stone Arrow       |       |     1 |     5 |    63 |   179 |   131 ||   379
       Foxfire           |       |       |    44 |    24 |    10 |       ||    78
       Lee's Rapid Decon |       |       |       |    20 |    22 |       ||    42
       Petrify           |       |       |       |    17 |    24 |       ||    41
       Iskenderun's Batt |       |       |       |     4 |    10 |       ||    14
       Passwall          |       |       |       |       |     2 |       ||     2
       Bolt of Magma     |       |       |       |       |    14 |    24 ||    38
 Abil: Fly               |       |       |       |       |       |     1 ||     1
       Stop Flying       |       |       |       |       |       |     1 ||     1
Evoke: Wand              |       |       |       |       |       |     1 ||     1
  Use: Scroll            |       |     7 |    10 |    15 |    10 |     5 ||    47
       Potion            |       |       |       |       |     2 |     6 ||     8
 Stab: Sleeping          |     2 |       |     4 |     1 |     1 |       ||     8
       Petrified         |       |       |       |    16 |    25 |       ||    41
       Petrifying        |       |       |       |       |     1 |       ||     1
Armor: Robe              |     3 |    77 |   271 |    45 |       |       ||   396
       Ring mail         |    70 |   106 |       |    71 |   248 |   477 ||   972
       Skin              |       |     1 |       |       |       |       ||     1
       Scale mail        |       |       |       |    10 |    59 |       ||    69
       Leather armour    |       |       |       |   327 |   398 |       ||   725
Dodge: Dodged            |   109 |   211 |   289 |   406 |   461 |   251 ||  1727
Block: Kite shield       |       |       |       |   376 |   839 |   456 ||  1671

Table legend: (Time is in decaauts)
 A = Elapsed time spent in this place.
 B = Non-inter-level travel time spent in this place.
 C = Inter-level travel time spent in this place.
 D = Time resting spent in this place.
 E = Time spent auto-exploring this place.
 F = Levels seen in this place.
 G = Mean time per level.
                   A        B        C        D        E       F      G
               +--------+--------+--------+--------+--------+-----+--------+
         Total |  34270 |  32585 |   1685 |  10321 |  11425 |  23 | 1490.0 |
       Dungeon |  19725 |  18768 |    957 |   6432 |   6557 |  14 | 1408.9 |
        Temple |     35 |     22 |     13 |      0 |      0 |   1 |   35.0 |
          Lair |  13337 |  12623 |    714 |   3720 |   4415 |   6 | 2222.8 |
         Swamp |     21 |     21 |      0 |      0 |      0 |   1 |   21.0 |
      Ice Cave |   1150 |   1150 |      0 |    169 |    451 |   1 | 1150.0 |
               +--------+--------+--------+--------+--------+-----+--------+

Top non-repeatable levels by time:
  Lair:3: 2768 daAuts
  Lair:1: 2477 daAuts
    D:10: 2402 daAuts
  Lair:6: 2218 daAuts
  Lair:5: 2089 daAuts
  Lair:2: 2029 daAuts
     D:9: 1857 daAuts
    D:13: 1856 daAuts
  Lair:4: 1754 daAuts
     D:4: 1676 daAuts
    D:12: 1666 daAuts
     D:1: 1631 daAuts
     D:2: 1518 daAuts
     D:5: 1504 daAuts
   IceCv: 1150 daAuts
